 Dungeon Crawl Stone Soup version 0.18-a0-822-gb52b7b4 (webtiles) character file.

30 Duffy the Insei (level 3, -4/23 HPs)
             Began as a Tengu Monk on Dec 16, 2015.
             Killed from afar by Sigmund (10 damage)
             ... with a puff of flame
             ... on level 2 of the Dungeon.
             The game lasted 00:00:58 (805 turns).

Duffy the Insei (Tengu Monk)                         Turns: 805, Time: 00:00:59

Health: -4/23      AC:  2    Str: 11    XL:     3   Next: 20%
Magic:  4/4        EV:  9    Int: 10    God:
Gold:   39         SH:  0    Dex: 17    Spells: 0 memorised, 2 levels left

rFire  . . .     SeeInvis .       - Unarmed
rCold  . . .     Gourm    .     a - +0 robe
rNeg   . . .     Faith    .     (no shield)
rPois  .         Spirit   .     (helmet restricted)
rElec  .         Dismiss  .     (no cloak)
rCorr  .         Reflect  .     (no gloves)
SustAt .         Harm     .     (boots unavailable)
MR     .....                    (no amulet)
Stlth  ++........               (no ring)
                                (no ring)

@: not resistant to hostile enchantments, unstealthy
A: beak, talons 3
a: no special abilities


You were on level 2 of the Dungeon.
You were not hungry.

You visited 1 branch of the dungeon, and saw 2 of its levels.

You collected 39 gold pieces.


Innate Abilities, Weirdness & Mutations

You have a beak for a mouth.
You have claws for feet.


   Skills:
 - Level 3.0 Fighting
 - Level 3.2 Dodging
 - Level 2.0 Stealth
 + Level 5.5 Unarmed Combat


You had 2 spell levels left.
You didn't know any spells.

Inventory:

Missiles
 e - 7 tomahawks (quivered)
Armour
 a - a +0 robe (worn)
Scrolls
 c - a scroll of teleportation {unknown}
 f - a scroll of identify {unknown}
 g - a scroll of enchant armour {unknown}
Potions
 h - a potion of flight {unknown}
 i - a potion of degeneration {unknown}
Comestibles
 b - a bread ration
 d - a royal jelly

Dungeon Overview and Level Annotations

Branches:
Dungeon (2/15)

Altars:
Fedhas
Makhleb

Annotations:
D:2 Sigmund


Message History

No target in view!
No target in view!
The giant gecko is too close now for your liking.
A giant gecko is nearby!
Found an escape hatch in the ceiling.
The giant gecko misses you.
You hit the giant gecko but do no damage.
Your kick misses the giant gecko. Your punch misses the giant gecko.
The giant gecko bites you. The giant gecko barely misses you.
You punch the giant gecko!
You kill the giant gecko!
No target in view!
No target in view!
No target in view!
No target in view!
No target in view!
No target in view!
No target in view!
No target in view!
No target in view!
There is an open door here.
Sigmund casts a spell at you. The puff of flame hits you!
There is an open door here.
Sigmund points at you and mumbles some strange words.
You are confused.
You feel less confused. Sigmund casts a spell at you. The magic dart hits you!
Found a cyan potion.
There is an escape hatch in the floor here.
Really go through this one-way escape hatch?
Sigmund points at you and mumbles some strange words.
The puff of flame hits you!
You die...

#....#.# #....%...#####..
#..#@..###...............
#........................
##.......................
#.....................##
#..###.##..######.....##
#..###.##..### #.....##
#...##.......# #.....##
#<#.##.@.r...# #.....##
####..#.......# ########
#............... #
#.......##..#... #
#.......# ...... #
#.......# .....! #
#........# ..... #
#.......... ..... #
#........##..


You could see Sigmund and a rat.

Action                   || total
-------------------------++-------
Melee: Unarmed           ||    53
 Stab: Sleeping          ||     1

Notes
Turn   | Place    | Note
--------------------------------------------------------------
     0 | D:1      | Duffy the Tengu Monk began the quest for the Orb.
     0 | D:1      | Reached XP level 1. HP: 14/14 MP: 2/2
    73 | D:1      | Reached XP level 2. HP: 19/19 MP: 3/3
   120 | D:1      | Reached skill level 5 in Unarmed Combat
   483 | D:2      | Noticed Sigmund
   495 | D:2      | Reached XP level 3. HP: 21/23 MP: 4/4
   716 | D:2      | Found a burning altar of Makhleb.
   717 | D:2      | Found a blossoming altar of Fedhas.
   805 | D:2      | Killed from afar by Sigmund

Vault maps used:
D:1:      dpeg_arrival_arbitrary_c
D:2:      nicolae_overflow_hidden_temple, uniq_robin, uniq_sigmund

Vanquished Creatures
  A giant gecko
  A ball python
  A giant cockroach
  7 hobgoblins
  2 jackals
  5 bats
  3 giant newts
  3 goblins
  A kobold
  5 rats
29 creatures vanquished.
